 Dungeon Sprint DCSS version 0.21-a0-221-gfe971b9 (webtiles) character file.

26671 Kidiri the Warrior (level 13, -2/205 HPs)
             Began as a Hill Orc Abyssal Knight on Aug 25, 2017.
             Was the Champion of Lugonu.
             Slain by a nagaraja
             ... wielding a +0 halberd
              (11 damage)
             ... in the Dungeon (Sprint IX: "|||||||||||||||||||||||||||||").
             The game lasted 00:15:31 (5266 turns).

Kidiri the Warrior (Hill Orc Abyssal Knight)        Turns: 5266, Time: 00:15:31

Health: -2/205     AC: 23    Str: 29    XL:     13   Next: 27%
Magic:  24/24      EV: 18    Int: 10    God:    Lugonu [******]
Gold:   1116       SH:  0    Dex: 16    Spells: 12/12 levels left

rFire    . . .     SeeInvis .   F - +3 dire flail
rCold    . . .     Gourm    .   (shield currently unavailable)
rNeg     . . .     Faith    .   B - +5 ring mail "Rehial" {rElec Regen+ Str+4}
rPois    +         Spirit   .   a - +1 helmet
rElec    +         Reflect  .   z - +1 cloak of the Great Game {rPois Int-5 Dex+6 Stlth+}
rCorr    .         Harm     .   n - +0 pair of gloves
MR       .....     NoTele   +   o - +0 pair of boots
Stlth    ..........             (no amulet)
HPRegen  0.84/turn              p - +2 ring of protection
MPRegen  0.19/turn              q - +3 ring of intelligence

@: berserking (expiring), lethally poisoned (-2 -> -7), constricted, very quick
A: claws 1, hooves 1
a: Bend Space, Banish, Corrupt, Brand Weapon With Distortion, Renounce Religion


You were in the Dungeon.
You worshipped Lugonu.
Lugonu was exalted by your worship.
You were not hungry.

You visited 1 branch You collected 1918 gold pieces.
You spent 802 gold pieces at shops.

Inventory:

Hand Weapons
 F - a +3 dire flail (weapon)
Missiles
 y - 16 tomahawks (quivered)
Armour
 a - a +1 helmet (worn)
 n - a +0 pair of gloves (worn)
 o - a +0 pair of boots (worn)
 z - the +1 cloak of the Great Game (worn) {rPois Int-5 Dex+6 Stlth+}
   (You bought it in a shop in the Dungeon)

   It affects your intelligence (-5).
   It affects your dexterity (+6).
   It protects you from poison.
   It makes you more stealthy.
 B - the +5 ring mail "Rehial" (worn) {rElec Regen+ Str+4}
   (You bought it in a shop in the Dungeon)

   It affects your strength (+4).
   It insulates you from electricity.
   It increases your rate of regeneration.
Jewellery
 p - a +2 ring of protection (left hand)
 q - a +3 ring of intelligence (right hand)
 A - an uncursed ring of see invisible
 C - an uncursed ring of ice
 D - an uncursed ring of protection from cold
 E - an uncursed ring of protection from cold
Wands
 m - a wand of acid (7/15)
Scrolls
 i - 8 scrolls of blinking
 k - 3 scrolls of remove curse
 l - 2 scrolls of amnesia
 r - a scroll of magic mapping
 u - 2 scrolls of identify
 v - 3 scrolls of recharging
Potions
 d - a potion of invisibility
 e - 2 potions of heal wounds
 f - a potion of haste
 g - 4 potions of magic
 j - 4 potions of curing
 s - 2 potions of agility
Comestibles
 c - 14 bread rations
 t - 13 meat rations
 w - 30 fruits


   Skills:
 * Level 19.1 Fighting
 * Level 17.6 Maces & Flails
 + Level 6.9 Throwing
 + Level 13.0 Armour
 * Level 14.0 Dodging
 + Level 15.2 Invocations
 + Level 4.4 Evocations


You had 12 spell levels left.
You didn't know any spells.

Dungeon Overview and Level Annotations

Branches:
Dungeon (1/1)

Altars:
Cheibriados
Dithmenos
Elyvilon
Fedhas
Gozag
Hepliaklqana
Kikubaaqudgha
Makhleb
Nemelex Xobeh
Okawaru
Qazlal
Ru
Sif Muna
Trog
Uskayaw
Vehumet
Wu Jian
Xom
Yredelemnul
Zin
The Shining One
Beogh
Jiyva
Lugonu

Shops:
D }}[[


Innate Abilities, Weirdness & Mutations

You have sharp fingernails.
You have large cloven feet.


Message History

You feel sick. The nagaraja hits you with a halberd!
* * * LOW HITPOINT WARNING * * *
x2 The nagaraja constricts you.
You barely miss the nagaraja.
The nagaraja is heavily wounded.
The naga warrior hits you with a mace.
* * * LOW HITPOINT WARNING * * *
You puncture the nagaraja!
The nagaraja is severely wounded.
You feel sick. The nagaraja hits you with a halberd!!
* * * LOW HITPOINT WARNING * * *
The nagaraja constricts you.
Unknown command.
You sock the naga warrior!
You kill the naga warrior!
Lugonu accepts your kill.
You feel sick.
The guardian serpent gestures with its tail.
The nagaraja blinks!
The nagaraja hits you with a halberd!
You die...

_▓.▓.▓.▓)▓.▓.▓.♣.♣
_▓.▓.▓.▓)▓.▓.▓.♣)♣
_▓.▓.▓.▓)▓.▓.▓.♣†♣
_▓.▓.▓.▓)▓.▓.▓.▓†▓
_▓.▓.▓.▓.▓.▓.▓.▓.▓
_▓.▓.▓.▓.▓.▓.▓.▓S▓
_▓.▓.▓.▓.▓.▓(▓÷▓§▓
_▓.▓.▓.▓.▓.▓.▓.▓N▓
_▓.▓.▓.▓'▓.▓.▓.▓@▓
'▓.▓'▓.▓.▓.▓.▓.▓N▓
.▓.▓.▓.▓)▓.▓'▓.▓.▓
.▓.▓.▓.▓)▓.▓(▓.▓.▓
|▓.▓.▓.▓.▓.▓.▓.▓.▓
)▓.▓.▓.▓.▓.▓(▓.▓+▓
.▓.▓.▓.▓∩▓.▓)▓.▓
.▓.▓.▓.▓.▓.▓)▓.▓
[▓.▓.▓.▓∩▓.▓(▓.▓


You could see 2 nagarajas and a guardian serpent.

Vanquished Creatures
  A stone giant (D)
  Josephine (D)
  A yaktaur captain (D)
  3 hydras (D)
  A ghost crab (D)
  A naga warrior (D)
  A centaur warrior (D)
  A two-headed ogre (D)
  2 merfolk avatars (D)
  7 orc high priests (D)
  Nergalle (D)
  A swamp dragon (D)
  A shambling mangrove (D)
  A naga ritualist (D)
  2 orc knights (D)
  A manticore (D)
  2 ugly things (D)
  A merfolk siren (D)
  3 black mambas (D)
  An elephant (D)
  A spiny frog (D)
  A water nymph (D)
  A naga mage (D)
  A guardian serpent (D)
  A gargoyle (D)
  2 komodo dragons (D)
  2 merfolk (D)
  A tengu conjurer (D)
  2 hornets (D)
  A tyrant leech (D)
  5 polar bears (D)
  4 hippogriffs (D)
  A slime creature (D)
  2 snapping turtles (D)
  A shadow (D)
  3 wraiths (D)
  3 basilisks (D)
  A wyvern (D)
  A vampire mosquito (D)
  4 water moccasins (D)
  3 black bears (D)
  12 orc warriors (D)
  2 wolves (D)
  A centaur (D)
  A crocodile (D)
  2 bullfrogs (D)
  2 crimson imps (D)
  7 orc priests (D)
  2 iguanas (D)
  5 orc wizards (D)
  A worker ant (D)
  An adder (D)
  2 adder skeletons (D)
  6 orcs (D)
  2 bat skeletons (D)
  2 bat zombies (D)
  2 goblins (D)
  A hobgoblin (D)
  A kobold (D)
  A quokka skeleton (D)
  A rat (D)
128 creatures vanquished.

Vanquished Creatures (others)
  A hydra (D)
  A wizard (D)
  A wyvern (D)
  An orc (D)
4 creatures vanquished.

Grand Total: 132 creatures vanquished

Notes
Turn   | Place    | Note
-------+----------+-------------------------------------------
     0 | D        | Kidiri the Hill Orc Abyssal Knight began the quest for the Orb.
     0 | D        | Reached XP level 1. HP: 19/19 MP: 2/2
     9 | D        | Reached skill level 1 in Dodging
    14 | D        | Reached ** piety under Lugonu
    21 | D        | Reached skill level 4 in Fighting
   237 | D        | Noticed a worker ant
   237 | D        | Noticed a crimson imp
   245 | D        | Reached *** piety under Lugonu
   245 | D        | Reached XP level 2. HP: 25/28 MP: 4/4
   254 | D        | Reached skill level 5 in Fighting
   254 | D        | Reached XP level 3. HP: 16/36 MP: 4/6
   273 | D        | HP: 1/36 [crimson imp (4)]
   327 | D        | HP: 1/36 [crimson imp (1)]
   334 | D        | Found a roughly hewn altar of Beogh.
   334 | D        | Found a snail-covered altar of Cheibriados.
   334 | D        | Found a shadowy altar of Dithmenos.
   334 | D        | Found a white marble altar of Elyvilon.
   334 | D        | Found a blossoming altar of Fedhas.
   334 | D        | Found an opulent altar of Gozag.
   335 | D        | Found a hazy altar of Hepliaklqana.
   336 | D        | Found a viscous altar of Jiyva.
   338 | D        | Found an ancient bone altar of Kikubaaqudgha.
   339 | D        | Found a corrupted altar of Lugonu.
   340 | D        | Found a burning altar of Makhleb.
   341 | D        | Found a sparkling altar of Nemelex Xobeh.
   342 | D        | Found an iron altar of Okawaru.
   343 | D        | Found a stormy altar of Qazlal.
   347 | D        | Found a sacrificial altar of Ru.
   348 | D        | Found a deep blue altar of Sif Muna.
   349 | D        | Found a bloodstained altar of Trog.
   350 | D        | Found a hide-covered altar of Uskayaw.
   351 | D        | Found a radiant altar of Vehumet.
   352 | D        | Found an ornate altar of the Wu Jian Council.
   353 | D        | Found a shimmering altar of Xom.
   354 | D        | Found a basalt altar of Yredelemnul.
   355 | D        | Found a glowing silver altar of Zin.
   356 | D        | Found a glowing golden altar of the Shining One.
   491 | D        | Reached **** piety under Lugonu
   491 | D        | Reached skill level 5 in Maces & Flails
   491 | D        | Reached XP level 4. HP: 26/44 MP: 7/7
   618 | D        | Noticed a wyvern
   618 | D        | Noticed a centaur
   618 | D        | Noticed a hippogriff
   624 | D        | Reached skill level 6 in Fighting
   629 | D        | Reached skill level 5 in Invocations
   632 | D        | Reached XP level 5. HP: 51/51 MP: 8/8
   638 | D        | Killed a wyvern
   638 | D        | Reached skill level 8 in Fighting
   638 | D        | Reached skill level 5 in Armour
   638 | D        | Reached skill level 5 in Dodging
   638 | D        | Reached XP level 6. HP: 45/61 MP: 8/10
   641 | D        | Reached ***** piety under Lugonu
   649 | D        | Killed a hippogriff
   649 | D        | Reached skill level 9 in Fighting
   649 | D        | Reached XP level 7. HP: 43/71 MP: 9/12
   785 | D        | Noticed a hippogriff
   785 | D        | Noticed a tengu conjurer
   785 | D        | Noticed a wyvern
   792 | D        | Killed a hippogriff
   792 | D        | Reached skill level 10 in Fighting
   796 | D        | Killed a wyvern
   798 | D        | Killed a tengu conjurer
   798 | D        | Reached XP level 8. HP: 59/81 MP: 12/14
   988 | D        | Noticed a five-headed hydra
   988 | D        | Noticed a spiny frog
   992 | D        | Noticed a komodo dragon
  1215 | D        | Reached skill level 11 in Fighting
  1221 | D        | Killed a spiny frog
  1221 | D        | Reached skill level 10 in Maces & Flails
  1231 | D        | Killed a five-headed hydra
  1231 | D        | Reached ****** piety under Lugonu
  1231 | D        | Reached skill level 12 in Fighting
  1231 | D        | Reached XP level 9. HP: 57/91 MP: 14/16
  1480 | D        | Noticed a komodo dragon
  1489 | D        | Reached skill level 10 in Invocations
  1505 | D        | Killed a komodo dragon
  1505 | D        | Reached skill level 13 in Fighting
  1510 | D        | Killed a komodo dragon
  1795 | D        | Noticed an elephant
  1795 | D        | Noticed a black mamba
  1820 | D        | Reached XP level 10. HP: 93/102 MP: 16/18
  1831 | D        | Killed an elephant
  1852 | D        | Killed a black mamba
  1852 | D        | Reached skill level 14 in Fighting
  1852 | D        | Reached skill level 10 in Dodging
  2138 | D        | Reached skill level 10 in Armour
  2354 | D        | Noticed Josephine
  2372 | D        | Killed Josephine
  2372 | D        | Reached skill level 15 in Fighting
  2372 | D        | Reached XP level 11. HP: 85/112 MP: 18/20
  2487 | D        | Noticed an orc knight
  2510 | D        | Killed an orc knight
  2666 | D        | Reached skill level 1 in Throwing
  2723 | D        | Reached skill level 16 in Fighting
  2927 | D        | Found Uruluwn's Gadget Emporium.
  2927 | D        | Noticed an orc high priest
  2929 | D        | Noticed an orc high priest
  2931 | D        | Found Pumith's Gadget Shoppe.
  2932 | D        | Noticed an orc high priest
  2937 | D        | Killed an orc high priest
  3012 | D        | Noticed a soul eater
  3021 | D        | Killed an orc high priest
  3030 | D        | Killed an orc high priest
  3030 | D        | Reached skill level 15 in Maces & Flails
  3447 | D        | Noticed an orc high priest
  3452 | D        | Noticed a sixfirhy
  3470 | D        | Killed an orc high priest
  3477 | D        | Found Ateim's Armour Emporium.
  3483 | D        | Found Mogiupul's Antique Armour Shoppe.
  3486 | D        | Noticed an orc high priest
  3487 | D        | Noticed an orc high priest
  3488 | D        | Noticed an orc high priest
  3497 | D        | Killed an orc high priest
  3501 | D        | Noticed a sun demon
  3503 | D        | Killed an orc high priest
  3919 | D        | Killed an orc high priest
  3989 | D        | Bought the +5 ring mail "Rehial" {rElec Regen+ Str+4} for 565 gold pieces
  4004 | D        | Bought a translucent cloak for 237 gold pieces
  4014 | D        | Identified the +1 cloak of the Great Game {rPois Int-5 Dex+6 Stlth+} (You bought it in a shop in the Dungeon)
  4170 | D        | Noticed a two-headed ogre
  4170 | D        | Noticed an orc knight
  4171 | D        | Noticed a manticore
  4175 | D        | Killed a two-headed ogre
  4175 | D        | Reached skill level 17 in Fighting
  4175 | D        | Reached XP level 12. HP: 104/125 MP: 22/22
  4190 | D        | Noticed a stone giant
  4210 | D        | Noticed a yaktaur captain
  4222 | D        | Killed a stone giant
  4239 | D        | Killed a yaktaur captain
  4242 | D        | Reached skill level 5 in Throwing
  4267 | D        | Noticed a centaur warrior
  4268 | D        | Gained mutation: You have sharp fingernails. [mutagenic meat]
  4269 | D        | Gained mutation: You have large cloven feet. [mutagenic meat]
  4278 | D        | Killed a centaur warrior
  4544 | D        | Noticed Nergalle
  4558 | D        | Killed Nergalle
  4558 | D        | Reached skill level 18 in Fighting
  4558 | D        | Reached skill level 1 in Evocations
  4586 | D        | Noticed a merfolk avatar
  4586 | D        | Noticed a merfolk avatar
  4612 | D        | Killed a merfolk avatar
  4638 | D        | Killed a merfolk avatar
  4922 | D        | Noticed a ghost crab
  4922 | D        | Noticed an eight-headed hydra
  4922 | D        | Noticed an eight-headed hydra
  4930 | D        | Killed an eight-headed hydra
  4935 | D        | Killed a ghost crab
  4940 | D        | Killed an eight-headed hydra
  4940 | D        | Reached XP level 13. HP: 93/136 MP: 22/24
  5192 | D        | Reached skill level 15 in Invocations
  5222 | D        | Noticed a nagaraja
  5234 | D        | Noticed a nagaraja
  5234 | D        | Reached skill level 19 in Fighting
  5265 | D        | HP: 10/205 [nagaraja/halberd (18)]
  5266 | D        | Slain by a nagaraja

Vault maps used:
D:        linesprint

Skill      XL: |  1  2  3  4  5  6  7  8  9 10 11 12 13 |
---------------+----------------------------------------+-----
Dodging        | 1 2 3 4 5 6 7 8 9 11 12 13 14 | 14.0
Invocations    | 3 4 5 6 7 8 9 10 12 13 14 15 | 15.2
Fighting       | 4 5 6 8 9 10 12 13 15 17 18 19 | 19.1
Maces & Flails | 3 4 5 7 8 9 11 12 14 15 17 | 17.6
Armour         | 3 4 5 6 8 9 10 11 12 13 | 13.0
Throwing       | 4 6 |  6.9
Evocations     | 3 4 |  4.4

Action                   |  1- 3 |  4- 6 |  7- 9 | 10-12 | 13-15 || total
-------------------------+-------+-------+-------+-------+-------++-------
Melee: Mace              |    55 |       |       |       |       ||    55
       Dire flail        |       |    31 |    93 |   524 |   115 ||   763
Throw: Tomahawk          |       |       |       |     2 |       ||     2
Invok: Banish            |     1 |       |       |       |       ||     1
       Bend Space        |       |       |     1 |     7 |     3 ||    11
  Use: Potion            |     2 |       |     1 |    11 |     2 ||    16
  Eat: Chunk             |       |       |     3 |     7 |       ||    10
       Fruit             |       |       |       |    10 |       ||    10
Armor: Leather armour    |    11 |       |       |       |       ||    11
       Scale mail        |       |    19 |    49 |    85 |       ||   153
       Plate armour      |       |       |       |    40 |       ||    40
       Ring mail         |       |       |       |    45 |    38 ||    83
Dodge: Dodged            |    31 |    17 |    41 |   196 |    67 ||   352

Table legend:
 A = Spawn XP
 B = Non-spawn XP
 C = Spawn XP percentage of total XP
 D = Spawn monster count
 E = Non-spawn monster count
 F = Spawn count percentage of total count
 G = Total turns spent on level
                    A         B        C        D         E        F      G
               +---------+---------+-------+---------+---------+-------+---------
         Total |       0 |   38102 |   0.0 |       0 |     129 |   0.0 |  5266
               +---------+---------+-------+---------+---------+-------+---------
             D |       0 |   38102 |   0.0 |       0 |     129 |   0.0 |  5266
               +---------+---------+-------+---------+---------+-------+---------
